 Dungeon Crawl Stone Soup version 0.22.1-2-g9c5b331383 (webtiles) character file.

962 Peloso the Slasher (level 7, 0/61 HPs)
             Began as a Minotaur Fighter on Dec 24, 2018.
             Was a Follower of Okawaru.
             Slain by a killer bee (8 damage)
             ... on level 6 of the Dungeon.
             The game lasted 00:08:35 (4696 turns).

Peloso the Slasher (Minotaur Fighter)               Turns: 4696, Time: 00:08:35

Health: 0/61       AC:  9    Str: 18 (21) XL:     7   Next: 92%
Magic:  6/6        EV:  8    Int:  2 (5)  God:    Okawaru [*.....]
Gold:   345        SH: 10    Dex: 10 (11) Spells: 6/6 levels left

rFire    . . .     SeeInvis .   a - +0 long sword
rCold    . . .     Gourm    .   c - +0 shield
rNeg     . . .     Faith    .   b - +0 scale mail
rPois    .         Spirit   .   (helmet restricted)
rElec    .         Reflect  .   (no cloak)
rCorr    .         Harm     .   (no gloves)
MR       .....                  j - +0 pair of boots
Stlth    ..........             (no amulet)
HPRegen  0.20/turn              (no ring)
MPRegen  0.10/turn              (no ring)

@: lethally poisoned (0 -> -9)
A: retaliatory headbutt, horns 2
a: Heroism, Renounce Religion


You were on level 6 of the Dungeon.
You worshipped Okawaru.
Okawaru was aware of your devotion.
You were not hungry.

You visited 2 branches of the dungeon, and saw 7 of its levels.

You collected 345 gold pieces.

Inventory:

Hand Weapons
 a - a +0 long sword (weapon)
Armour
 b - a +0 scale mail (worn)
 c - a +0 shield (worn)
 j - a +0 pair of boots (worn)
Jewellery
 v - an uncursed ring of positive energy {unknown}
Wands
 w - a wand of iceblast (5)
Scrolls
 e - 4 scrolls of teleportation {unknown}
 g - 3 scrolls of enchant weapon {unknown}
 k - 4 scrolls of identify {unknown}
 l - 2 scrolls of fear {unknown}
 o - 2 scrolls of enchant armour {unknown}
 p - 4 scrolls of remove curse {unknown}
 q - a scroll of blinking {unknown}
 s - a scroll of random uselessness {unknown}
 t - a scroll of fog {unknown}
 u - a scroll of amnesia {unknown}
 y - a scroll of noise {unknown}
Potions
 d - a potion of might
 h - a potion of lignification {unknown}
 i - 2 potions of flight {unknown}
 m - 3 potions of degeneration
 n - a potion of magic {unknown}
 r - a potion of mutation {unknown}
 x - a potion of ambrosia {unknown}
Comestibles
 f - 13 rations
 z - a chunk of flesh


   Skills:
 + Level 5.3 Fighting
 + Level 6.5 Long Blades
 + Level 6.4 Armour
 + Level 2.2 Dodging
 + Level 0.4 Stealth
 + Level 6.4 Shields


You had 6 spell levels left.
You didn't know any spells.
Your spell library was empty.

Dungeon Overview and Level Annotations

Branches:
Dungeon (6/15)             Temple (1/1) D:6

Altars:
Fedhas
Gozag
Nemelex Xobeh
Okawaru
Qazlal
Vehumet
Wu Jian
Yredelemnul
The Shining One


Innate Abilities, Weirdness & Mutations

You reflexively headbutt those who attack you in melee.
You have a pair of horns on your head.


Message History

Unknown command.
You miss the killer bee.
The killer bee is heavily wounded.
You feel sick. The killer bee completely misses you. You furiously retaliate!
You headbutt the killer bee, but do no damage.
You block the killer bee's attack.
Unknown command.
You slash the killer bee!
The killer bee is almost dead.
You feel sick. The killer bee stings you.
* * * LOW HITPOINT WARNING * * *
The killer bee stings you.
* * * LOW HITPOINT WARNING * * *
You block the killer bee's attack.
It was a potion of degeneration.
There was something very wrong with that liquid.
You feel weakened.
You feel dopey.
You feel clumsy.
* * * LOW HITPOINT WARNING * * *
You feel sick. You block the killer bee's attack. The killer bee stings you!
You die...

#.##.#
#.##...####.####.#
..##.#
#.###........# #.#
#.###.#
#.....####...# #.#
#. #.#
#####........#
#.## #. #.#
#.#......###.## #.
.# #.#.###........
##.#.# #.#####.#
##.######.#..# #.#
#.# ....yyy@.###<#
#.# #.#
##.######.#.## #.#
#.#
#...####.#####.#
#...............
#...####........
##############.#
.....#####.#
#.......#
#########


You could see 3 killer bees.

Vanquished Creatures
  Sigmund (D:3)
  An ogre (D:6)
  2 bullfrogs
  A wyvern zombie (D:6)
  2 killer bees (D:6)
  2 jellies
  A worker ant (D:4)
  2 iguanas
  A killer bee zombie (D:5)
  A hound zombie (D:5)
  A howler monkey zombie (D:6)
  Robin (D:1)
  4 gnolls (D:6)
  12 adders
  A shadow imp (D:5)
  An adder skeleton (D:4)
  3 dart slugs
  2 leopard geckos
  3 orcs
  7 bats
  7 giant cockroaches
  5 hobgoblins
  13 jackals
  7 kobolds
  2 quokkas
  A ball python (D:4)
  5 frilled lizards
  A giant cockroach zombie (D:5)
  13 goblins
  A leopard gecko zombie (D:5)
  A quokka skeleton (D:5)
  4 rats
109 creatures vanquished.

Notes
Turn   | Place    | Note
-------+----------+-------------------------------------------
     0 | D:1      | Peloso the Minotaur Fighter began the quest for the Orb.
     0 | D:1      | Reached XP level 1. HP: 19/19 MP: 0/0
   596 | D:2      | Reached XP level 2. HP: 20/27 MP: 1/1
   966 | D:2      | Reached XP level 3. HP: 30/33 MP: 2/2
   967 | D:2      | Noticed Robin
  1136 | D:1      | Killed Robin
  1281 | D:2      | Reached XP level 4. HP: 35/40 MP: 3/3
  1688 | D:2      | Reached skill level 1 in Dodging
  2045 | D:2      | Found a glowing golden altar of the Shining One.
  2045 | D:2      | Found an opulent altar of Gozag.
  2172 | D:3      | Noticed Sigmund
  2180 | D:3      | Killed Sigmund
  2180 | D:3      | Reached skill level 5 in Armour
  2180 | D:3      | Reached XP level 5. HP: 47/47 MP: 4/4
  2180 | D:3      | Reached XP level 6. HP: 53/53 MP: 5/5
  2236 | D:3      | Reached skill level 5 in Shields
  2264 | D:3      | Found a sparkling altar of Nemelex Xobeh.
  2265 | D:3      | Found a radiant altar of Vehumet.
  2269 | D:3      | Found a stormy altar of Qazlal.
  3296 | D:4      | Reached skill level 5 in Long Blades
  3432 | D:5      | Entered Level 5 of the Dungeon
  3814 | D:5      | Reached XP level 7. HP: 55/60 MP: 6/6
  4194 | D:6      | Found a staircase to the Ecumenical Temple.
  4265 | Temple   | Entered the Ecumenical Temple
  4276 | Temple   | Became a worshipper of Warmaster Okawaru
  4386 | D:6      | Reached skill level 5 in Fighting
  4682 | D:6      | Reached * piety under Okawaru
  4696 | D:6      | Slain by a killer bee

Skill      XL: |  1  2  3  4  5  6  7 |
---------------+----------------------+-----
Armour         | 4 5 6 |  6.4
Shields        | 4 5 6 |  6.4
Fighting       | 4 5 |  5.3
Long Blades    | 3 4 5 6 |  6.5
Dodging        | 1 2 |  2.2
Stealth        | |  0.4

Action                   |  1- 3 |  4- 6 |  7- 9 || total
-------------------------+-------+-------+-------++-------
Melee: Long sword        |    56 |   164 |    85 ||   305
       Headbutt          |     7 |    33 |    18 ||    58
Evoke: Wand              |       |       |     1 ||     1
  Use: Potion            |       |       |     1 ||     1
  Eat: Chunk             |     1 |     7 |     4 ||    12
Armor: Scale mail        |    44 |    66 |    26 ||   136
Dodge: Dodged            |    25 |    46 |    26 ||    97
Block: Shield            |    43 |    86 |    53 ||   182
       Rpst.: Long sword |     6 |    14 |     9 ||    29
